 Dungeon Crawl Stone Soup version 0.21-a0-426-g98080a9 (webtiles) character file.

18 slep the Skirmisher (level 2, -1/24 HPs)
             Began as a Demonspawn Abyssal Knight on Nov 7, 2017.
             Was an Initiate of Lugonu.
             Succumbed to a kobold's poison
             ... on level 2 of the Dungeon.
             The game lasted 00:04:36 (630 turns).

slep the Skirmisher (Demonspawn Abyssal Knight)      Turns: 630, Time: 00:04:36

Health: -1/24      AC:  4    Str: 12    XL:     2   Next: 51%
Magic:  4/4        EV: 16    Int: 13    God:    Lugonu [......]
Gold:   28         SH:  0    Dex: 17    Spells: 1/1 levels left

rFire    . . .     SeeInvis .   a - +1 falchion
rCold    . . .     Gourm    .   (no shield)
rNeg     . . .     Faith    .   b - +0 leather armour
rPois    .         Spirit   .   e - +0 helmet
rElec    .         Reflect  .   (no cloak)
rCorr    .         Harm     .   (no gloves)
MR       .....                  (no boots)
Stlth    ++........             (no amulet)
HPRegen  0.08/turn              (no ring)
MPRegen  0.09/turn              (no ring)

@: agile, lethally poisoned (-1 -> -20)
A: talons 1
a: Renounce Religion


You were on level 2 of the Dungeon.
You worshipped Lugonu.
Lugonu was noncommittal.
You were not hungry.

You visited 1 branch of the dungeon, and saw 2 of its levels.
You visited the Abyss 1 time.

You collected 28 gold pieces.

Inventory:

Hand Weapons
 a - a +1 falchion (weapon)
 d - a +2 dagger of venom
Armour
 b - a +0 leather armour (worn)
 e - a +0 helmet (worn)
Comestibles
 c - a bread ration


   Skills:
 + Level 3.3 Fighting
 + Level 1.7 Long Blades
 + Level 2.2 Armour
 + Level 1.1 Dodging
 + Level 2.7 Invocations


You had one spell level left.
You didn't know any spells.

Dungeon Overview and Level Annotations

Branches:
Dungeon (1/15)

Altars:


Innate Abilities, Weirdness & Mutations

You have sharp toenails.


Message History

The poisoned needle hits you!
You are more poisoned.
Found a pair of boots.
You see here a poisoned needle.
* * * LOW HITPOINT WARNING * * *
You feel sick.
The kobold unwields an uncursed blowgun.
The kobold hits you but does no damage.
* * * LOW HITPOINT WARNING * * *
You feel sick. The kobold hits you.
* * * LOW HITPOINT WARNING * * *
You miss the kobold. You claw the kobold, but do no damage.
* * * LOW HITPOINT WARNING * * *
You feel sick. The kobold hits you but does no damage.
It was a potion of agility.
You feel agile all of a sudden.
* * * LOW HITPOINT WARNING * * *
You feel sick. The kobold completely misses you.
You hit the kobold but do no damage.
You die...

##.## # ... #.
... ##[# ...
#...# #.#
.....##.#
......#.#######
.....wK@.......
#...#.#.#######
# #.#(#
####.#(#
w...#(# ###.
#..#(##....)
#..#(.......
#....(.....#
#...........


You could see a dart slug and a kobold.

Vanquished Creatures
  An ooze (D:1)
  A dart slug (D:1)
  A leopard gecko (D:1)
  A giant cockroach (D:1)
  A hobgoblin (D:1)
  2 bats
  A frilled lizard (D:1)
  4 kobolds
12 creatures vanquished.

Notes
Turn   | Place    | Note
-------+----------+-------------------------------------------
     0 | Abyss:1  | slep the Demonspawn Abyssal Knight began the quest for the Orb.
     0 | Abyss:1  | Reached XP level 1. HP: 18/18 MP: 2/2
   108 | Abyss:1  | Noticed a smoke demon
   108 | D:1      | Escaped the Abyss
   263 | D:1      | Reached skill level 1 in Dodging
   426 | D:1      | Gained mutation: You have sharp toenails. [demonic ancestry]
   426 | D:1      | Reached XP level 2. HP: 19/24 MP: 3/3
   608 | D:1      | You fall through a shaft!
   629 | D:2      | HP: 1/24 [poisoned by a kobold]
   630 | D:2      | Succumbed to a kobold's poison

Vault maps used:
D:1:      evilmike_arrival_crescent, minmay_misc_feat_four_crosses
D:2:      uniq_crazy_yiuf_cottage, uniq_natasha, uniq_jessica

Skill      XL: |  1 |
---------------+----+-----
Armour         | 2 |  2.2
Dodging        | 1 |  1.1
Fighting       | |  3.3
Long Blades    | |  1.7
Invocations    | |  2.7

Action                   || total
-------------------------++-------
Melee: Falchion          ||    27
       Kick              ||     5
Invok: Depart the Abyss  ||     1
  Use: Potion            ||     1
Armor: Leather armour    ||    14
Dodge: Dodged            ||    14
       Rpst.: Falchion   ||     5

Table legend:
 A = Spawn XP
 B = Non-spawn XP
 C = Spawn XP percentage of total XP
 D = Spawn monster count
 E = Non-spawn monster count
 F = Spawn count percentage of total count
 G = Total turns spent on level
                    A         B        C        D         E        F      G
               +---------+---------+-------+---------+---------+-------+---------
         Total |       0 |      27 |   0.0 |       0 |      12 |   0.0 |   630
               +---------+---------+-------+---------+---------+-------+---------
           D:1 |       0 |      25 |   0.0 |       0 |      10 |   0.0 |   500
           D:2 |       0 |       2 |   0.0 |       0 |       2 |   0.0 |    22
               +---------+---------+-------+---------+---------+-------+---------
